 Dungeon Crawl Stone Soup version 0.27-a0-1206-g6342a01c75 (webtiles) character file.

Game seed: 3378274728844115492

743357 Delamore the Phalangite (level 27, -14/242 HPs)
             Began as a Formicid Fighter on June 5, 2021.
             Was the Champion of the Shining One.
             Killed from afar by a Hell Sentinel (73 damage)
             ... with an iron shot
             ... on level 7 of the Iron City of Dis.
             The game lasted 02:25:45 (76666 turns).

Delamore the Phalangite (Formicid Fighter)         Turns: 76666, Time: 02:25:45

Health: -14/242    AC: 48    Str: 33    XL:     27
Magic:  33/33      EV: 12    Int: 15    God:    the Shining One [******]
Gold:   1864       SH: 19    Dex: 10    Spells: 43/46 levels left

rFire    + + +     SeeInvis +   e - +9 bardiche (holy)
rCold    + + +     Faith    .   c - +2 shield of Resistance {rF++ rC++ Will++}
rNeg     + + +     Spirit   .   s - +8 orange crystal plate armour {Archmagi, Int+3 Clar}
rPois    +         Reflect  .   (helmet unavailable)
rElec    .         Harm     .   g - +2 cloak {rCorr}
rCorr    +         Rampage  .   T - +3 pair of gauntlets of War {Slay+5}
Will     +++++     Clarity  +   j - +2 pair of boots
Stlth    ..........             R - necklace of Bloodlust {*Rage +Rage Will++ Int-3 Slay+6}
HPRegen  0.50/turn              M - ring of the Invisible Hand {rF+ Str+6}
MPRegen  0.23/turn              V - ring "Bokhliva" {rPois rC+ rN+ Will+}

@: glowing, studying Staves
A: permanent stasis, dig shafts and tunnels, antennae 3, four strong arms, low
mp 1, mutation resistance 1
}: 3/15 runes: decaying, serpentine, silver
a: Dig, Shaft Self, Renounce Religion, Divine Shield, Cleansing Flame, Summon
Divine Warrior


You were on level 7 of the Iron City of Dis.
You worshipped the Shining One.
The Shining One was exalted by your worship.
You visited 12 branches of the dungeon, and saw 56 of its levels.
You visited 1 bazaar.
You visited 1 ziggurat, and saw 14 of its levels.
You also visited: Bailey, Gauntlet and Ice Cave.

You collected 39597 gold pieces.
You spent 11809 gold pieces at shops.
You paid 25924 gold pieces to Gozag.

Inventory:

Hand Weapons
 b - a +7 bardiche of freezing
 e - a +9 bardiche of holy wrath (weapon)
 P - the +7 Singing Sword {vorpal, sonic wave}
   (You found it on level 10 of a ziggurat)

   It inflicts extra damage upon your enemies.
Missiles
 r - 28 javelins
 u - 37 curare-tipped darts
 A - a throwing net
 C - 14 silver javelins
 H - 31 boomerangs (quivered)
 L - 22 boomerangs of dispersal
 Y - 14 silver boomerangs
Armour
 c - the +2 shield of Resistance (worn) {rF++ rC++ Will++}
   (You took it off a deep elf sorcerer on level 3 of the Elven Halls)

   It greatly protects you from fire.
   It greatly protects you from cold.
   It greatly increases your willpower.
 g - a +2 cloak of preservation (worn)
 j - a +2 pair of boots (worn)
 n - a +8 tower shield of protection
 s - the +8 orange crystal plate armour (worn) {Archmagi, Int+3 Clar}
   (You found it in an ice cave)

   It affects your intelligence (+3).
   It protects you against confusion.
 T - the +3 pair of gauntlets of War (worn) {Slay+5}
   (You bought it in a shop on level 2 of the Vaults)

   It affects your accuracy and damage with ranged weapons and melee attacks
   (+5).
Jewellery
 k - a ring of resist corrosion
 v - a +4 ring of slaying
 M - the ring of the Invisible Hand (left hand) {rF+ Str+6}
   (You found it on level 12 of a ziggurat)

   [ring of strength]

   It affects your strength (+6).
   It protects you from fire.
 R - the necklace of Bloodlust (around neck) {*Rage +Rage Will++ Int-3 Slay+6}
   (You bought it in a shop on level 4 of the Snake Pit)

   [amulet of nothing]

   It affects your intelligence (-3).
   It affects your accuracy and damage with ranged weapons and melee attacks
   (+6).
   It lets you go berserk.
   It may make you go berserk in combat.
   It greatly increases your willpower.
 U - the ring of Riweblea {rElec rF- rC+ Dex+4 Slay+4}
   (You took it off a deep elf death mage on level 3 of the Elven Halls)

   [ring of slaying]

   It affects your dexterity (+4).
   It affects your accuracy and damage with ranged weapons and melee attacks
   (+4).
   It makes you vulnerable to fire.
   It protects you from cold.
   It insulates you from electricity.
 V - the ring "Bokhliva" (right hand) {rPois rC+ rN+ Will+}
   (You bought it in a shop on level 2 of the Orcish Mines)

   [ring of willpower]

   It protects you from cold.
   It protects you from poison.
   It protects you from negative energy.
   It increases your willpower.
Wands
 o - a wand of mindburst (8)
 y - a wand of flame (208)
 B - a wand of iceblast (92)
 W - a wand of acid (31)
Scrolls
 f - 9 scrolls of fog
 p - 4 scrolls of summoning
 q - 19 scrolls of magic mapping
 t - 5 scrolls of fear
 x - 3 scrolls of enchant armour
 D - 2 scrolls of silence
 I - 5 scrolls of immolation
 K - 41 scrolls of identify
 X - 9 scrolls of holy word
 Z - a scroll of brand weapon
Potions
 d - 11 potions of might
 h - 11 potions of brilliance
 i - 3 potions of magic
 w - 6 potions of resistance
 z - 21 potions of curing
 E - 8 potions of mutation
 F - 9 potions of heal wounds
 G - 6 potions of flight
 J - 5 potions of invisibility
 N - 4 potions of ambrosia
 O - 4 potions of cancellation
Miscellaneous
 Q - a phantom mirror
 S - a condenser vane


   Skills:
 - Level 25.0 Fighting
 + Level 14.6 Long Blades
 - Level 26.3 Polearms
 - Level 20.7 Throwing
 - Level 20.9 Armour
 - Level 16.6 Dodging
 - Level 21.1 Shields
 - Level 10.0 Spellcasting
 - Level 6.3 Translocations
 + Level 10.0 Invocations
 - Level 15.0 Evocations


You had 43 spell levels left.
You knew the following spells:

 Your Spells              Type           Power      Damage    Failure   Level
a - Lesser Beckoning      Tloc           19%        N/A       16%         3

Your spell library contained the following spells:

 Spells                   Type           Power      Damage    Failure   Level
 Apportation              Tloc           78%        N/A       5%          1
 Gell's Gravitas          Tloc           19%        N/A       16%         3
 Teleport Other           Tloc           39%        N/A       16%         3
 Passage of Golubria      Tloc           N/A        N/A       47%         4
 Portal Projectile        Hex/Tloc       50%        N/A       52%         3
 Animate Skeleton         Necr           22%        N/A       58%         1
 Beastly Appendage        Tmut           22%        N/A       58%         1
 Corona                   Hex            12%        N/A       58%         1
 Foxfire                  Conj/Fire      44%        2x1d6     58%         1
 Freeze                   Ice            44%        1d6       58%         1
 Sandblast                Erth           22%        2d7       58%         1
 Shock                    Conj/Air       44%        1d5       58%         1
 Sting                    Tmut/Pois      44%        1d5       58%         1
 Summon Small Mammal      Summ           44%        N/A       58%         1
 Call Imp                 Summ           11%        N/A       73%         2
 Corpse Rot               Necr/Air       N/A        N/A       73%         2
 Ensorcelled Hibernation  Hex/Ice        22%        N/A       73%         2
 Passwall                 Tmut/Erth      9%         N/A       73%         2
 Poisonous Vapours        Pois/Air       22%        N/A       73%         2
 Searing Ray              Conj           22%        3d3       73%         2
 Slow                     Hex            11%        N/A       73%         2
 Static Discharge         Conj/Air       11%        N/A       73%         2
 Sublimation of Blood     Necr           5%         N/A       73%         2
 Wereblood                Tmut           11%        N/A       73%         2
 Manifold Assault         Tloc           39%        N/A       83%         5
 Iskenderun's Mystic Bla  Conj/Tloc      25%        2d7       89%         4
 Call Canine Familiar     Summ           11%        N/A       91%         3
 Confusing Touch          Hex            11%        N/A       91%         3
 Conjure Flame            Conj/Fire      11%        6-21      91%         3
 Dazzling Flash           Conj/Hex       22%        N/A       91%         3
 Frozen Ramparts          Ice            22%        1d4       91%         3
 Ignite Poison            Fire/Tmut/Pois 11%        N/A       91%         3
 Inner Flame              Hex/Fire       11%        N/A       91%         3
 Mephitic Cloud           Conj/Pois/Air  11%        N/A       91%         3
 Ozocubu's Armour         Ice            11%        N/A       91%         3
 Spider Form              Tmut/Pois      5%         N/A       91%         3
 Stone Arrow              Conj/Erth      22%        3d8       91%         3
 Summon Guardian Golem    Hex/Summ       11%        N/A       91%         3
 Tukima's Dance           Hex            11%        N/A       91%         3
 Summon Forest            Summ/Tloc      12%        N/A       99%         5
 Airstrike                Air            5%         N/A       100%        4
 Animate Armour           Summ/Erth      22%        N/A       100%        4
 Animate Dead             Necr           5%         N/A       100%        4
 Cause Fear               Hex            5%         N/A       100%        4
 Dispel Undead            Necr           11%        3d9       100%        4
 Fulminant Prism          Conj/Hex       5%         3d7       100%        4
 Hailstorm                Conj/Ice       11%        3d5       100%        4
 Ice Form                 Ice/Tmut       11%        N/A       100%        4
 Leda's Liquefaction      Hex/Erth       5%         N/A       100%        4
 Olgreb's Toxic Radiance  Pois           11%        N/A       100%        4
 Petrify                  Tmut/Erth      11%        N/A       100%        4
 Sticky Flame             Conj/Fire      11%        2d3       100%        4
 Summon Ice Beast         Ice/Summ       11%        N/A       100%        4
 Summon Lightning Spire   Summ/Air       11%        N/A       100%        4
 Agony                    Necr           11%        N/A       100%        5
 Alistair's Intoxication  Tmut/Pois      7%         N/A       100%        5
 Bolt of Magma            Conj/Fire/Erth 5%         4d5       100%        5
 Borgnjor's Vile Clutch   Necr/Erth      5%         N/A       100%        5
 Excruciating Wounds      Necr           5%         N/A       100%        5
 Fireball                 Conj/Fire      5%         3d5       100%        5
 Hydra Form               Tmut           5%         N/A       100%        5
 Irradiate                Conj/Tmut      5%         3d15      100%        5
 Iskenderun's Battlesphe  Conj           11%        2d7       100%        5
 Lee's Rapid Deconstruct  Erth           5%         3d7*      100%        5
 Lightning Bolt           Conj/Air       5%         1d17      100%        5
 Metabolic Englaciation   Hex/Ice        5%         N/A       100%        5
 Silence                  Hex/Air        5%         N/A       100%        5
 Summon Mana Viper        Hex/Summ       11%        N/A       100%        5
 Yara's Violent Unravell  Hex/Tmut       5%         3d4       100%        5
 Blade Hands              Tmut           5%         N/A       100%        6
 Conjure Ball Lightning   Conj/Air       5%         3x3d6     100%        6
 Death Channel            Necr           5%         N/A       100%        6
 Eringya's Noxious Bog    Tmut/Pois      5%         N/A       100%        6
 Freezing Cloud           Conj/Ice/Air   5%         6-21      100%        6
 Invisibility             Hex            11%        N/A       100%        6
 Iron Shot                Conj/Erth      5%         9d2       100%        6
 Shadow Creatures         Summ           N/A        N/A       100%        6
 Simulacrum               Ice/Necr       5%         N/A       100%        6
 Starburst                Conj/Fire      5%         8x6d4     100%        6
 Statue Form              Tmut/Erth      7%         N/A       100%        6
 Dragon Form              Tmut           5%         N/A       100%        7
 Haunt                    Necr/Summ      5%         N/A       100%        7
 Malign Gateway           Summ/Tloc      12%        N/A       100%        7
 Monstrous Menagerie      Summ           5%         N/A       100%        7
 Orb of Destruction       Conj           5%         9d2       100%        7
 Ozocubu's Refrigeration  Ice            5%         4d6       100%        7
 Spellforged Servitor     Conj/Summ      5%         N/A       100%        7
 Summon Hydra             Summ           5%         N/A       100%        7
 Borgnjor's Revivificati  Necr           5%         N/A       100%        8
 Chain Lightning          Conj/Air       5%         N/A       100%        8
 Ignition                 Fire           5%         3d4       100%        8
 Infestation              Necr           5%         N/A       100%        8
 Lehudib's Crystal Spear  Conj/Erth      5%         10d3      100%        8
 Necromutation            Tmut/Necr      5%         N/A       100%        8
 Summon Horrible Things   Summ           5%         N/A       100%        8
 Absolute Zero            Ice            5%         ∞         100%        9
 Death's Door             Necr           5%         N/A       100%        9
 Fire Storm               Conj/Fire      5%         8d2       100%        9
 Shatter                  Erth           5%         3d8*      100%        9
 Tornado                  Air            5%         N/A       100%        9
 Blink                    Tloc           Unusable   N/A       N/A         2
 Swiftness                Air            Unusable   N/A       N/A         3

Dungeon Overview and Level Annotations

Branches:
Dungeon (15/15)            Temple (1/1) D:7            Lair (6/6) D:8
  Swamp (4/4) Lair:3        Snake (4/4) Lair:2        Slime (0/5) Lair:6
    Orc (2/2) D:10            Elf (3/3) Orc:2        Vaults (5/5) D:14
  Crypt (0/3) Vaults:3     Depths (5/5) D:15           Hell (visited)
    Dis (6/7) Hell            Geh (0/7) Hell            Coc (0/7) Hell
    Tar (0/7) Hell            Zot (5/5) Depths:5     Bailey (visited)
  IceCv (visited)         Gauntlet (visited)

Altars:
Ashenzari
Cheibriados
Dithmenos
Elyvilon
Fedhas
Gozag
Hepliaklqana
Kikubaaqudgha
Makhleb
Nemelex Xobeh
Okawaru
Qazlal
Ru
Sif Muna
Trog
Uskayaw
Vehumet
Wu Jian
Xom
Yredelemnul
Zin
The Shining One
Beogh
Jiyva

Shops:
D:1 [   D:10 ?[([   D:14 [[(   D:15 [*   Orc:2 ((!!=(?   Elf:3 =   Lair:3 (
Lair:5 *   Swamp:2 *   Snake:1 =[   Snake:2 :[*[   Snake:4 =[=![   Vaults:1 *
Vaults:2 *   Vaults:4 *   Vaults:5 !   Depths:1 :=:   Depths:3 [
Depths:5 :*(?*

Portals:
Hell: Depths:1 Depths:2 Depths:3 Depths:4 Depths:5
Abyss: Depths:3 Depths:4 Depths:5
Pandemonium: Depths:2 Depths:3
Trove: Depths:3 (give Black Knight's barding)

Annotations:
Lair:2 3 runed translucent doors, Geargh's ghost, journeyman MiHu
Lair:4 exclusion: orange crystal statue


Innate Abilities, Weirdness & Mutations

You cannot be hasted, slowed, berserked, paralysed or teleported.
You can dig through walls and to a lower floor.
You have a pair of large antennae on your head. (SInv)
Your four strong arms can wield two-handed weapons with a shield.
Your magical capacity is low. (-10% MP)
You are somewhat resistant to further mutation.


Message History

The Hell Sentinel gestures at you. The iron shot hits you!
You slash the Hell Sentinel!
The Hell Sentinel convulses!
The Hell Sentinel is lightly wounded.
The iron dragon bites you!
* * * LOW HITPOINT WARNING * * *
You block the iron dragon's attack. The iron dragon tramples you.
* * * LOW HITPOINT WARNING * * *
You hold your ground!
You block the skeletal warrior's attack.
You block the rust devil's attack.
A Hell Sentinel comes into view.
You slash the Hell Sentinel!
The Hell Sentinel convulses.
The Hell Sentinel is moderately wounded.
You block the Hell Sentinel's attack. The Hell Sentinel barely misses you.
You carve the rust devil like a ham!!!
You kill the rust devil!
The Shining One accepts your kill.
You block the skeletal warrior's attack.
The iron dragon breathes metal splinters at you.
The spray of metal splinters hits you!
* * * LOW HITPOINT WARNING * * *
The Hell Sentinel hits you but does no damage.
You block the Hell Sentinel's attack.
You feel much better.
You block the skeletal warrior's attack.
The iron imp puffs mist at you. You block the iron imp's attack.
The iron dragon bites you but does no damage.
The iron dragon claws you but does no damage.
The iron dragon tramples you!
* * * LOW HITPOINT WARNING * * *
You stumble backwards!
You hit the Hell Sentinel but do no damage.
The Hell Sentinel is moderately wounded.
You slice the Hell Sentinel!!
The Hell Sentinel convulses!!
The Hell Sentinel is severely wounded.
The Hell Sentinel gestures at you. The iron shot hits you!!!!
You die...

,,,**,....#$,#..............#,,,#
,,***,....#..#......####....#####
,***,,....##'#......#..'.........
*******,............#..#.........
,,,,,,*,............####.........
,,,,,,*,.........................
,,,,,,*,.......).................
*******,......)1)[..####...######
*,,,,,,,.^..55)D@###########,,...
,,,,,,,,...1.z5######..####*,,...
,,,,,,,,......####........##,....
,,,,,,,,.##'##*#...........######
,,****,,,#.,,,,#.............###.
,,*,,'D.h#,,,,,#..............###
..*,,*...#,,,,,#...............##
..*,,*...#######................#
..####h..*#..........#####.......


You could see 2 Hell Sentinels, an iron dragon (catching breath), a skeletal
warrior and 3 iron imps.

Vanquished Creatures
  A pandemonium lord (Zig:10)
  3 ancient liches (Zot:5)
  2 dread liches (Zot:5)
  3 orbs of fire (Zot:5)
  Sojobo (Vaults:3)
  Boris (twice) (Vaults:3 Vaults:5)
  2 royal mummies (Zig:14)
  4 Killer Klowns
  Margery (Depths:5)
  Saint Roka (Snake:2)
  2 curse toes
  Bai Suzhen (Depths:2)
  Geryon (Hell)
  2 caustic shrikes
  8 golden dragons
  the Enchantress (Depths:1)
  2 bone dragons
  The ghost of celly00 the Sorcerer, an adept DEVM of Kikubaaqudgha (Depths:2)
  7 electric golems
  2 Brimstone Fiends (Dis:7)
  An iron giant (Dis:7)
  4 Hell Sentinels
  11 tentacled monstrosities
  Jorgrun (D:14)
  A hellephant (Zig:7)
  Rupert (D:15)
  5 Ice Fiends
  25 Orb Guardians
  4 liches
  8 titans
  An acid blob (Zig:6)
  3 deep elf blademasters
  5 quicksilver dragons
  3 deep elf master archers (Elf:3)
  2 Executioners
  11 death cobs
  5 ancient champions
  6 sphinxes
  The ghost of Koqoaqio the Brawler, a journeyman TrBe of Trog (Swamp:1)
  8 tengu reavers
  17 storm dragons
  A revenant (Vaults:3)
  15 nagarajas
  6 thorn hunters
  6 draconian monks
  A fenstrider witch (Swamp:3)
  2 rockslimes
  8 shadow dragons
  14 fire giants
  5 draconian knights
  2 azure jellies (Elf:2)
  11 iron dragons
  A black sun (Zig:10)
  11 frost giants
  4 balrugs
  Aizul (Snake:2)
  5 draconian scorchers
  10 deep elf sorcerers (Elf:3)
  An emperor scorpion (Zig:4)
  10 draconian shifters
  17 vault wardens
  4 draconian annihilators
  Louise (Depths:5)
  3 ghost moths
  2 angels (Depths:5)
  A curse skull (Zig:5)
  A cacodemon (Zig:10)
  5 deep elf elementalists (Elf:3)
  3 orc warlords
  3 draconian stormcallers
  20 reapers
  4 spriggan defenders
  16 ironbound preservers
  A ghoul (Vaults:3)
  A caustic shrike skeleton (Elf:2)
  29 war gargoyles
  22 very ugly things
  16 stone giants
  10 vampire knights
  2 corrupters (Zig:10)
  11 deep elf demonologists
  7 green draconians
  Nessos (D:15)
  6 deep elf annihilators
  9 white draconians
  2 entropy weavers
  5 black draconians
  5 bunyips
  5 dire elephants
  10 purple draconians
  8 spark wasps
  Snorg (D:14)
  6 yellow draconians
  19 red draconians
  13 ettins
  3 green deaths
  5 eleionomae
  6 fire dragons
  2 eidola
  2 mummy priests (Zig:14)
  13 yaktaur captains
  6 deep elf death magi (Elf:3)
  5 crystal guardians
  Josephine (D:15)
  4 blizzard demons
  3 shambling mangroves
  3 jiangshi (Depths:3)
  7 great orbs of eyes
  12 deep elf high priests
  6 ironbound thunderhulks
  4 peacekeepers
  Fannar (D:11)
  32 hydras
  6 salamander tyrants (Snake:4)
  26 naga warriors
  3 catoblepae
  2 ogre magi
  A boulder beetle (D:14)
  28 vault guards
  7 spriggan air magi
  14 centaur warriors
  A quicksilver dragon skeleton (Zig:14)
  3 ghost crabs (Elf:2)
  7 rakshasas
  10 anacondas
  13 ice dragons
  10 ironbound frosthearts
  9 two-headed ogres
  10 alligators
  A dancing weapon (Dis:1)
  4 death scarabs
  A death yak (Zig:12)
  7 ironbound beastmasters
  3 titan zombies
  2 deep troll shamans
  5 spriggan berserkers
  4 tengu warriors
  5 vampire magi
  8 deep troll earth magi
  8 hell hogs (Hell)
  17 shock serpents
  29 hell knights
  Sonja (Orc:2)
  25 naga sharpshooters
  3 iron golems
  4 orc high priests
  A sun demon (Hell)
  27 deep elf knights
  5 salamander mystics
  A storm dragon zombie (Zig:14)
  9 soul eaters
  65 deep trolls
  19 skeletal warriors
  18 iron trolls
  2 shadow wraiths (Hell)
  A sixfirhy (Depths:2)
  A spark wasp zombie (Zig:9)
  5 anaconda zombies
  A golden dragon zombie (Zig:14)
  5 goliath frogs
  2 death drakes
  14 naga ritualists
  A sea snake (Elf:2)
  6 spriggan druids
  A flayed ghost (Depths:2)
  4 bog bodies
  22 deep elf archers
  5 glowing orange brains
  A shadow demon (Zig:10)
  23 swamp dragons
  A lindwurm (shapeshifter) (Vaults:1)
  A torturous demonspawn (Depths:2)
  16 ironbound convokers
  9 wizards
  6 orange crystal statues
  A large abomination (Zig:10)
  37 deep elf zephyrmancers
  5 obsidian statues
  12 necromancers
  11 harpies
  10 mana vipers
  16 orc knights
  2 anaconda skeletons (Hell)
  A golden dragon skeleton (Zig:14)
  9 lindwurms
  A shining eye (shapeshifter) (Vaults:4)
  2 wolf spider zombies (Dis:7)
  35 deep elf pyromancers
  2 iron dragon zombies (Dis:7)
  6 phantasmal warriors
  A tengu skeleton (Elf:2)
  An oklob plant (Lair:6)
  4 orc sorcerers (Orc:1)
  2 will-o-the-wisps (Swamp:3)
  2 manticores
  6 cyclopes
  2 frost giant zombies
  21 salamanders
  A sphinx skeleton (Zig:14)
  28 ugly things
  2 fire giant zombies
  22 moths of wrath
  A black mamba (shapeshifter) (Vaults:5)
  9 elephants
  3 spriggan zombies
  6 guardian serpents
  61 black mambas
  14 naga magi
  2 molten gargoyles (Hell)
  2 orange demons
  A titan simulacrum (Hell)
  9 ice statues
  A dire elephant zombie (Dis:7)
  2 frost giant skeletons (Zig:14)
  7 smoke demons
  32 rust devils
  2 guardian serpents (shapeshifter)
  An eye of devastation (Zig:2)
  28 vault sentinels
  17 cane toads
  A cane toad (shapeshifter) (Elf:2)
  3 torpor snails (Zig:12)
  9 rime drakes
  An unseen horror (D:13)
  An emperor scorpion zombie (Dis:2)
  3 hellions
  2 sea snake zombies (Hell)
  A spriggan skeleton (Elf:2)
  14 komodo dragons
  34 yaktaurs
  9 tormentors
  An efreet (Zot:4)
  5 tengu conjurers
  A yaktaur (shapeshifter) (D:13)
  2 anaconda simulacra
  A demonic crawler (Zig:4)
  16 ice devils
  3 freezing wraiths
  6 trolls
  A sea snake skeleton (Hell)
  5 hydra zombies (Hell)
  7 red devils
  6 guardian mummies
  2 tyrant leeches
  A jumping spider (Vaults:3)
  36 hornets
  9 polar bears
  6 raiju
  2 meliai zombies (D:11)
  20 blink frogs
  An alligator zombie (Hell)
  2 dream sheep
  41 slime creatures
  3 flying skulls
  4 ettin zombies
  A fire dragon zombie (Dis:7)
  An alligator skeleton (Hell)
  8 water elementals
  An elf simulacrum (Elf:2)
  2 tarantellas (shapeshifter)
  2 vampires (D:10)
  5 redbacks
  37 spriggans
  18 fire elementals (Zot:4)
  2 tarantellas
  6 wraiths
  2 ushabtiu
  3 ynoxinuls
  6 shadows
  4 wyverns
  7 air elementals
  6 basilisks
  Grum (D:11)
  A black mamba skeleton (Hell)
  53 yaks
  2 steam dragons
  2 chaos spawn
  A golden eye (Elf:2)
  21 vampire mosquitoes
  70 nagas
  2 elf skeletons
  12 swamp worms
  8 wargs
  6 acid dragons
  A hydra simulacrum (Elf:2)
  13 water moccasins
  A cane toad zombie (Dis:7)
  20 hell hounds
  11 swamp drakes
  3 small abominations (Elf:2)
  A floating eye (Depths:2)
  An ogre skeleton (Vaults:4)
  61 orc warriors
  3 snapping turtle zombies
  9 ice beasts
  5 black bears
  3 black mamba simulacra (Elf:2)
  2 necrophages
  2 fire dragon simulacra
  A sky beast (Elf:2)
  2 ettin simulacra
  11 ogres
  28 wolves
  7 boggarts
  29 centaurs
  2 phantoms
  2 kobold brigands
  12 bullfrogs
  A gnoll sergeant (D:7)
  A wyvern zombie (D:8)
  12 earth elementals
  A water moccasin zombie (D:6)
  A scorpion (D:5)
  An elephant simulacrum (Elf:2)
  7 killer bees
  20 wights
  9 electric eels
  4 howler monkeys
  A bullfrog zombie (D:5)
  3 lava snakes
  2 centaur zombies
  2 draconian simulacra (IceCv)
  15 orc priests
  A hound (D:5)
  A bullfrog skeleton (D:5)
  2 gnoll shamans
  16 iron imps
  5 centaur skeletons
  An iguana (D:5)
  25 orc wizards
  5 lightning spires
  5 hell rats (Lair:2)
  4 spriggan simulacra
  A centaur simulacrum (IceCv)
  A hound skeleton (D:5)
  13 mummies
  13 gnolls
  5 naga simulacra
  3 adders
  2 ogre simulacra (IceCv)
  A shadow imp (D:5)
  2 white imps
  An ufetubus (D:5)
  An adder skeleton (D:4)
  3 worms (D:2)
  3 dart slugs
  91 orcs
  6 bats
  6 endoplasms (D:1)
  6 giant cockroaches
  9 goblins
  7 hobgoblins
  4 jackals (D:3)
  4 quokkas
  6 ball pythons
  3 frilled lizards
  8 kobolds
  A kobold zombie (Hell)
  9 rats
  A ball lightning (Elf:2)
  2 briar patches (Swamp:2)
2793 creatures vanquished.

Vanquished Creatures (collateral kills)
  A minotaur (Gauntlet)
1 creature vanquished.

Vanquished Creatures (others)
  2 tengu reavers (Vaults:3)
  A draconian knight (Zot:2)
  An alligator (Swamp:4)
  24 dancing weapons
  A deep elf knight (Elf:1)
  3 deep elf zephyrmancers
  A smoke demon (Hell)
  A bloated husk (Swamp:1)
  A fire elemental (Zot:4)
  A naga (Snake:2)
  A water moccasin (Zig:12)
  An orc warrior (Vaults:5)
  5 orcs
  A ball lightning (Elf:2)
  2 briar patches (Swamp:2)
  14 foxfires (Swamp:3)
  38 fungi
  37 plants
135 creatures vanquished.

Grand Total: 2929 creatures vanquished

Notes
Turn   | Place    | Note
-------+----------+-------------------------------------------
     0 | D:1      | Delamore the Formicid Fighter began the quest for the Orb.
     0 | D:1      | Reached XP level 1. HP: 18/18 MP: 1/1
    11 | D:1      | Found a faded altar of an unknown god.
    22 | D:1      | Became a worshipper of Gozag Ym Sagoz the Greedy
    30 | D:1      | Reached XP level 2. HP: 24/24 MP: 2/2
   244 | D:1      | Found Plog's Antique Armour Boutique.
   370 | D:1      | Reached XP level 3. HP: 29/29 MP: 3/3
   474 | D:1      | Reached skill level 3 in Polearms
  1034 | D:1      | Identified a scroll of acquirement
  1034 | D:1      | Acquired a manual of Polearms
  1423 | D:2      | Reached XP level 4. HP: 37/37 MP: 4/4
  2276 | D:3      | Found a basalt altar of Yredelemnul.
  2278 | D:3      | Found a hide-covered altar of Uskayaw.
  2278 | D:3      | Found a sparkling altar of Nemelex Xobeh.
  2284 | D:3      | Found a shimmering blue altar of Sif Muna.
  2285 | D:3      | Found a bloodstained altar of Trog.
  2293 | D:3      | Reached skill level 4 in Polearms
  2490 | D:3      | Reached skill level 1 in Throwing
  2881 | D:3      | Reached XP level 5. HP: 42/42 MP: 5/5
  3429 | D:4      | Identified the +0 tower shield "Kel Kit" {-Tele rPois rF+
                  | rCorr}
  3534 | D:5      | Entered Level 5 of the Dungeon
  3573 | D:5      | Reached skill level 5 in Polearms
  3573 | D:5      | Reached XP level 6. HP: 46/49 MP: 6/6
  3829 | D:5      | Noticed an ogre
  3835 | D:5      | Noticed a black bear
  3839 | D:5      | Killed an ogre
  3840 | D:5      | Reached skill level 6 in Polearms
  3840 | D:5      | Reached XP level 7. HP: 29/55 MP: 7/7
  3868 | D:5      | Reached skill level 5 in Shields
  4144 | D:4      | Reached skill level 5 in Fighting
  4205 | D:5      | Reached skill level 7 in Polearms
  4274 | D:5      | Identified the +4 dagger "Fiomoas" {elec, Fly rElec}
  4648 | D:5      | Noticed a wyvern
  4664 | D:4      | HP: 1/56 [wyvern (16)]
  4667 | D:4      | Killed a wyvern
  4668 | D:4      | Reached XP level 8. HP: 5/62 MP: 8/8
  5017 | D:6      | Reached skill level 8 in Polearms
  5344 | D:6      | Reached skill level 9 in Polearms
  5746 | D:7      | Reached skill level 10 in Polearms
  5746 | D:7      | Reached XP level 9. HP: 68/68 MP: 9/9
  5925 | D:7      | Reached skill level 5 in Throwing
  5937 | D:7      | Reached skill level 11 in Polearms
  6363 | D:7      | Found a staircase to the Ecumenical Temple.
  6611 | D:1      | Bought a heavily runed plate armour for 616 gold pieces
  6611 | D:1      | Identified the +6 plate armour of Daisies {Regen+} (You
                  | bought it in a shop on level 1 of the Dungeon)
  6877 | D:8      | Reached skill level 12 in Polearms
  7100 | D:8      | Found a staircase to the Lair.
  7100 | D:8      | Found a hazy altar of Hepliaklqana.
  7536 | Lair:1   | Entered Level 1 of the Lair of Beasts
  7548 | Lair:1   | Noticed a blink frog
  7549 | Lair:1   | Noticed a blink frog
  7549 | Lair:1   | Noticed a blink frog
  7550 | Lair:1   | Noticed a blink frog
  7559 | Lair:1   | Killed a blink frog
  7565 | Lair:1   | Killed a blink frog
  7566 | Lair:1   | Reached XP level 10. HP: 74/74 MP: 10/10
  7578 | Lair:1   | Reached skill level 13 in Polearms
  7578 | Lair:1   | Reached skill level 5 in Armour
  7621 | Lair:1   | Noticed a black mamba
  7630 | Lair:1   | Killed a black mamba
  7662 | Lair:1   | Noticed a komodo dragon
  7671 | Lair:1   | Killed a komodo dragon
  7683 | Lair:1   | Noticed a cane toad
  7700 | Lair:1   | Reached skill level 14 in Polearms
  7718 | Lair:1   | Killed a cane toad
  7850 | Lair:1   | Noticed a cane toad
  7863 | Lair:1   | Killed a cane toad
  8054 | Lair:1   | Noticed a cane toad
  8069 | Lair:1   | Killed a cane toad
  8070 | Lair:1   | Reached XP level 11. HP: 79/79 MP: 11/11
  8119 | Lair:1   | Noticed a five-headed hydra
  8135 | Lair:1   | Killed a five-headed hydra
  8692 | Lair:2   | Reached skill level 10 in Armour
  8711 | Lair:2   | Reached skill level 10 in Shields
  8743 | Lair:2   | Found a staircase to the Snake Pit.
  9167 | Lair:2   | Found a runed translucent gate.
  9196 | Lair:2   | Reached XP level 12. HP: 86/86 MP: 12/12
  9204 | Lair:2   | Found a runed translucent gate.
  9205 | Lair:2   | Found a runed translucent gate.
  9205 | Lair:2   | Noticed a minotaur
  9208 | Lair:2   | Noticed Geargh's ghost (journeyman MiHu)
  9208 | Lair:2   | Noticed a seven-headed hydra
 10394 | Lair:3   | Found a staircase to the Swamp.
 10472 | Lair:3   | Noticed a five-headed hydra
 10488 | Lair:3   | Killed a five-headed hydra
 10489 | Lair:3   | Reached skill level 15 in Shields
 10708 | Lair:4   | Reached skill level 1 in Evocations
 10867 | Lair:4   | Reached XP level 13. HP: 95/95 MP: 13/13
 11479 | Swamp:1  | Entered Level 1 of the Swamp
 11529 | Lair:4   | Noticed a seven-headed hydra
 11544 | Lair:4   | Killed a seven-headed hydra
 12200 | Lair:5   | Reached skill level 5 in Evocations
 12783 | Lair:5   | Bought a scroll of identify for 78 gold pieces
 12783 | Lair:5   | Bought a potion of heal wounds for 195 gold pieces
 12783 | Lair:5   | Bought a scroll labelled ASCHOD XINOTITT for 39 gold pieces
 12788 | Lair:6   | Entered Level 6 of the Lair of Beasts
 12844 | Lair:6   | Reached skill level 10 in Fighting
 13332 | Lair:6   | Reached XP level 14. HP: 116/116 MP: 14/14
 13906 | Lair:6   | Identified the +6 glaive "Weofieff" {vorpal, Str+4}
 13929 | Lair:6   | Found a viscous altar of Jiyva.
 13929 | Lair:6   | Found a staircase to the Slime Pits.
 15447 | D:10     | Entered Level 10 of the Dungeon
 15603 | D:10     | Found a staircase to the Orcish Mines.
 15668 | D:10     | Found Seiheh's Antique Armour Shoppe.
 15678 | D:10     | Bought a runed cloak for 217 gold pieces
 15768 | D:10     | Found Niribiun's Antique Armour Shop.
 15863 | D:10     | Found Niynot's Weapon Emporium.
 15872 | D:10     | Bought 5 silver boomerangs for 97 gold pieces
 16037 | D:10     | Found Othrisude's Magic Scroll Shoppe.
 16042 | D:10     | Bought a scroll of brand weapon for 280 gold pieces
 16332 | D:11     | Found a flagged portal.
 16351 | Bailey   | Entered a bailey
 17118 | D:11     | Noticed Grum
 17135 | D:11     | Killed Grum
 17332 | D:11     | Noticed Fannar
 17357 | D:11     | Killed Fannar
 18127 | D:12     | Reached XP level 15. HP: 125/125 MP: 15/15
 18299 | D:12     | Found a frozen archway.
 18350 | IceCv    | Entered an ice cave
 18631 | IceCv    | Found the +8 orange crystal plate armour {Archmagi, Int+3
                  | Clar}
 19252 | Orc:1    | Entered Level 1 of the Orcish Mines
 19758 | Orc:1    | Reached skill level 15 in Fighting
 19777 | Orc:1    | Found a transporter.
 19778 | Orc:1    | Found a transporter.
 19794 | Orc:1    | Noticed a stone giant
 19799 | Orc:1    | Noticed an orc warlord
 19922 | Orc:2    | Entered Level 2 of the Orcish Mines
 19989 | Orc:2    | Found a staircase to the Elven Halls.
 19994 | Orc:2    | Found Feucran's Weapon Shoppe.
 20342 | Orc:2    | Noticed Sonja
 20507 | Orc:2    | Killed Sonja
 20860 | Orc:2    | Found Gaitwip's Distillery.
 20860 | Orc:2    | Found Fozeaquj's Distillery.
 20862 | Orc:2    | Found Paekhlal's Jewellery Emporium.
 20864 | Orc:2    | Found Qorghoada's Antique Weapon Boutique.
 20868 | Orc:2    | Bought a potion of curing for 42 gold pieces
 20868 | Orc:2    | Bought a potion of flight for 42 gold pieces
 20869 | Orc:2    | Bought a potion of curing for 36 gold pieces
 20869 | Orc:2    | Bought a potion of heal wounds for 60 gold pieces
 20869 | Orc:2    | Bought a potion of heal wounds for 60 gold pieces
 20869 | Orc:2    | Bought a potion of curing for 36 gold pieces
 20871 | Orc:2    | Bought the ring "Bokhliva" {rPois rC+ rN+ Will+} for 711
                  | gold pieces
 21054 | Orc:2    | Bought a scroll of enchant weapon for 135 gold pieces
 21878 | D:14     | HP: 4/131 [deep elf zephyrmancer/bolt of lightning (21)]
 21882 | D:15     | Entered Level 15 of the Dungeon
 21963 | D:14     | Reached XP level 16. HP: 139/139 MP: 16/16
 22033 | D:14     | Noticed Snorg
 22055 | D:14     | Killed Snorg
 22056 | D:14     | Reached skill level 15 in Armour
 22097 | D:14     | Noticed Jorgrun
 22133 | D:14     | Killed Jorgrun
 22164 | D:14     | Found a gate leading to a gauntlet.
 22171 | Gauntlet | Entered a Gauntlet
 22171 | Gauntlet | Found a transporter.
 22171 | Gauntlet | Found a transporter.
 22171 | Gauntlet | Found a transporter.
 22204 | Gauntlet | Found a transporter.
 22204 | Gauntlet | Found a transporter.
 22215 | Gauntlet | Found a transporter.
 22240 | Gauntlet | Found a transporter.
 22258 | Gauntlet | Found a transporter.
 22264 | Gauntlet | Found a transporter.
 22267 | Gauntlet | Found a transporter.
 22268 | Gauntlet | Found a transporter.
 22312 | Gauntlet | Found a transporter.
 22342 | Gauntlet | Found the ring of the Mage {Wiz Will++ Int+3}
 22537 | Gauntlet | Identified the +5 war axe "Fiujaut" {freeze, rElec}
 22537 | Gauntlet | Identified the +6 hand crossbow of Sharkskin {venom, Str+4
                  | Dex+2}
 22569 | Gauntlet | Identified Sif Muna's Incunabulum of Displacement
 23026 | D:14     | Found a gate to the Vaults.
 23257 | D:10     | Bought a scroll of enchant armour for 105 gold pieces
 23257 | D:10     | Bought a scroll of fear for 49 gold pieces
 23257 | D:10     | Bought a scroll of enchant armour for 105 gold pieces
 23405 | Swamp:1  | Found a transporter.
 23415 | Swamp:1  | Found a bloodstained altar of Trog.
 23493 | Swamp:1  | Found a transporter.
 23495 | Swamp:1  | Noticed Koqoaqio's ghost (journeyman TrBe)
 24517 | Swamp:2  | Noticed a thorn hunter
 24569 | Swamp:2  | Killed a thorn hunter
 24637 | Swamp:2  | Reached skill level 10 in Evocations
 24701 | Swamp:2  | Identified the +0 scale mail of Coofoe {Harm Str+3 Int-5
                  | Dex+3}
 25200 | Swamp:3  | Noticed a thorn hunter
 25205 | Swamp:3  | Reached skill level 10 in Throwing
 25222 | Swamp:4  | Entered Level 4 of the Swamp
 25232 | Swamp:4  | Killed a thorn hunter
 25299 | Swamp:3  | Reached XP level 17. HP: 146/151 MP: 17/17
 26306 | Swamp:4  | Noticed a thorn hunter
 26367 | Swamp:4  | Killed a thorn hunter
 27322 | Swamp:4  | Got a decaying rune of Zot
 27423 | Swamp:2  | Bought a scroll of acquirement for 1508 gold pieces
 27433 | Swamp:2  | Acquired a +2 vampiric bardiche
 27687 | Swamp:1  | Killed Koqoaqio's ghost
 27712 | Swamp:1  | Identified the Compendium of Baldness
 27714 | Swamp:1  | Identified the +2 pair of boots of the Hart {rC- Will+
                  | SInv}
 27910 | Snake:1  | Entered Level 1 of the Snake Pit
 28019 | Snake:1  | Reached XP level 18. HP: 162/162 MP: 18/18
 28060 | Snake:1  | Found Nyov's Armour Shop.
 28067 | Snake:1  | Found Vyxtel's Jewellery Boutique.
 28356 | Snake:1  | Reached skill level 15 in Polearms
 28982 | Snake:2  | Noticed Saint Roka
 29067 | Snake:2  | Killed Saint Roka
 29068 | Snake:2  | Reached skill level 16 in Polearms
 29584 | Snake:2  | Found Xideush's Antique Armour Shoppe.
 29587 | Snake:2  | Found Toorpheeg's Armour Shoppe.
 29588 | Snake:2  | Found Huetir's Book Shoppe.
 29588 | Snake:2  | Found Disohen's General Store.
 29611 | Snake:2  | Bought the +0 pair of fencer's gloves {Riposte Dex+3} for
                  | 760 gold pieces
 29611 | Snake:2  | Found the +0 pair of fencer's gloves {Riposte Dex+3}
 29959 | Snake:2  | Noticed Aizul
 29992 | Snake:2  | Killed Aizul
 30256 | Snake:3  | Reached skill level 17 in Polearms
 30462 | Snake:3  | Reached XP level 19. HP: 168/168 MP: 15/19
 30795 | Snake:3  | Reached skill level 18 in Polearms
 31520 | Snake:4  | Entered Level 4 of the Snake Pit
 31571 | Snake:4  | Found Walifalaokh's Jewellery Shoppe.
 31581 | Snake:4  | Bought the necklace of Bloodlust {*Rage +Rage Will++ Int-3
                  | Slay+6} for 561 gold pieces
 31581 | Snake:4  | Found the necklace of Bloodlust {*Rage +Rage Will++ Int-3
                  | Slay+6}
 31967 | Snake:4  | Found Moeceuj's Jewellery Emporium.
 31997 | Snake:4  | Found Amoat's Distillery.
 32032 | Snake:4  | Bought a potion of curing for 39 gold pieces
 32032 | Snake:4  | Bought a potion of heal wounds for 65 gold pieces
 32082 | Snake:4  | Found Oxet's Armour Shop.
 32386 | Snake:4  | Reached skill level 19 in Polearms
 33163 | Snake:4  | Reached XP level 20. HP: 168/176 MP: 20/20
 33278 | Snake:4  | Reached skill level 20 in Polearms
 33729 | Snake:4  | Got a serpentine rune of Zot
 34343 | D:15     | Identified the ring "Qagh" {Str+4 Int+6}
 34415 | D:15     | Identified the +1 ring mail of Oxebber {rCorr Int+4}
 34607 | D:15     | Noticed Rupert
 34717 | D:15     | Killed Rupert
 34854 | D:15     | Found a white marble altar of Elyvilon.
 35249 | D:15     | Noticed Josephine
 35259 | D:15     | Noticed Nessos
 35264 | D:15     | Killed Josephine
 35292 | D:15     | Reached skill level 21 in Polearms
 35326 | D:15     | Killed Nessos
 35660 | D:15     | Found a staircase to the Depths.
 35749 | Depths:1 | Entered Level 1 of the Depths
 35917 | Vaults:1 | Entered Level 1 of the Vaults
 36212 | Vaults:1 | Found Vanezos's Assorted Antiques.
 36231 | Vaults:1 | Bought a scroll of enchant weapon for 240 gold pieces
 36519 | Vaults:1 | Reached XP level 21. HP: 174/182 MP: 21/21
 36563 | Vaults:1 | Reached skill level 22 in Polearms
 38343 | Vaults:2 | Reached skill level 23 in Polearms
 39036 | Vaults:2 | Acquired 1259 gold pieces
 39586 | Vaults:2 | Reached XP level 22. HP: 190/190 MP: 22/22
 40026 | Snake:4  | Bought a glowing tower shield for 330 gold pieces
 40026 | Snake:4  | Bought a pair of smoking gloves for 418 gold pieces
 40026 | Snake:4  | Identified the +0 pair of gloves of the Jackalope {Rampage
                  | rF+ rCorr Dex+2} (You bought it in a shop on level 4 of the
                  | Snake Pit)
 40388 | D:14     | Bought a +0 cloak of preservation for 207 gold pieces
 40653 | Vaults:3 | Reached skill level 24 in Polearms
 40726 | Vaults:3 | Found a staircase to the Crypt.
 41090 | Vaults:3 | You fall into a shaft and drop 1 floor!
 41557 | Vaults:4 | Reached skill level 25 in Polearms
 42264 | Vaults:4 | Reached XP level 23. HP: 196/196 MP: 23/23
 42370 | Vaults:4 | Found Cayd's General Store.
 42375 | Vaults:4 | Bought a potion of heal wounds for 90 gold pieces
 42375 | Vaults:4 | Bought a potion of curing for 54 gold pieces
 42375 | Vaults:4 | Bought a scroll of summoning for 171 gold pieces
 42846 | Vaults:3 | Noticed Sojobo
 42863 | Vaults:3 | Killed Sojobo
 43110 | Vaults:3 | Noticed Boris
 43125 | Vaults:3 | Killed Boris
 43342 | Vaults:3 | Reached skill level 26 in Polearms
 43742 | Vaults:2 | Bought the +3 pair of gauntlets of War {Slay+5} for 807
                  | gold pieces
 43742 | Vaults:2 | Found the +3 pair of gauntlets of War {Slay+5}
 43992 | Elf:1    | Entered Level 1 of the Elven Halls
 44929 | Elf:1    | You fall into a shaft and drop 1 floor!
 45248 | Elf:2    | Reached XP level 24. HP: 195/203 MP: 23/23
 45353 | Elf:2    | Identified Kikubaaqudgha's Papyrus of Dark Rituals
 45377 | Elf:2    | Found a runed translucent gate.
 45387 | Elf:2    | Found a runed translucent gate.
 45404 | Elf:2    | Found a runed translucent gate.
 45519 | Elf:2    | Identified the Compendium of Poisoning
 45575 | Elf:2    | Found a gateway to a bazaar.
 45590 | Bazaar   | Entered a bazaar
 45590 | Bazaar   | Found Jypsubi's Magic Scroll Boutique.
 45590 | Bazaar   | Found Kauvy's Assorted Antiques.
 45592 | Bazaar   | Found Yrrathrau's Weapon Emporium.
 45599 | Bazaar   | Bought a scroll labelled PIZXEV GEBIGG for 34 gold pieces
 45618 | Bazaar   | Found Morodgh's Book Shoppe.
 45721 | Bazaar   | Bought a scroll of magic mapping for 119 gold pieces
 45721 | Bazaar   | Bought 2 potions of might for 272 gold pieces
 45732 | Bazaar   | Bought a scroll of enchant armour for 52 gold pieces
 45732 | Bazaar   | Bought a scroll of magic mapping for 24 gold pieces
 45732 | Bazaar   | Bought a scroll of enchant armour for 52 gold pieces
 45732 | Bazaar   | Bought a scroll of immolation for 24 gold pieces
 45732 | Bazaar   | Bought a scroll of magic mapping for 24 gold pieces
 45759 | Bazaar   | Bought 8 silver boomerangs for 192 gold pieces
 46033 | Elf:2    | Identified the Compendium of Lightness
 46183 | Elf:2    | Acquired 1039 gold pieces
 46262 | Elf:2    | Identified Quqiydom's Catalogue of Snow
 46847 | Elf:3    | Entered Level 3 of the Elven Halls
 47914 | Elf:3    | Found Pile's Jewellery Boutique.
 48298 | Elf:3    | Identified the +10 quarterstaff "Kicas" {vorpal, +Blink rC+
                  | rN+ Int+4}
 48669 | Elf:3    | Reached XP level 25. HP: 197/210 MP: 23/23
 48736 | Elf:3    | Identified the ring of Riweblea {rElec rF- rC+ Dex+4
                  | Slay+4}
 49012 | Elf:3    | Identified the ring "Edghithri" {Will+ AC+4 Str+4 Int+2}
 49022 | Elf:3    | Reached skill level 15 in Throwing
 49085 | Elf:3    | Identified the +1 ring mail of the Barnacle {Regen+ Slay+2
                  | SInv Stlth+}
 49191 | Elf:3    | Identified the +2 hand crossbow "Waczyt" {elec, Str+2}
 49935 | Vaults:5 | Entered Level 5 of the Vaults
 50219 | Vaults:4 | Gained mutation: Your magical capacity is low. (-10% MP) [a
                  | shining eye]
 50823 | Vaults:5 | Identified the ring of the Two Names {rPois rF+ Str+2}
 50823 | Vaults:5 | Noticed Boris
 51120 | Vaults:5 | Killed Boris
 51200 | Vaults:5 | Reached XP level 26. HP: 179/211 MP: 20/20
 51800 | Vaults:5 | Identified the +7 dagger of Starshine {vorpal, Will+ Str-4
                  | Dex+4}
 52112 | Vaults:5 | Identified the Compendium of Aerial Black Secrets
 52294 | Vaults:5 | Identified the Compendium of Translocation and Ignition
 53160 | Vaults:5 | Found Yvvoo's Distillery.
 53168 | Vaults:5 | Bought a potion of resistance for 180 gold pieces
 53168 | Vaults:5 | Bought 2 potions of curing for 108 gold pieces
 53171 | Vaults:5 | Got a silver rune of Zot
 53694 | D:15     | Bought a scroll of acquirement for 832 gold pieces
 53704 | D:15     | Acquired 873 gold pieces
 53724 | D:15     | Learned a level 3 spell: Lesser Beckoning
 53851 | Depths:1 | Found Zirch's Jewellery Shop.
 53852 | Depths:1 | Found Lonaor's Book Shoppe.
 53852 | Depths:1 | Found Kinelalo's Book Shoppe.
 54078 | Depths:1 | Reached skill level 1 in Spellcasting
 54088 | Depths:1 | Found a blossoming altar of Fedhas.
 54515 | Depths:1 | Noticed the Enchantress
 54544 | Depths:1 | Killed the Enchantress
 55107 | Depths:1 | Found a gateway to Hell.
 55397 | Depths:2 | Noticed Bai Suzhen
 55413 | Depths:2 | Killed Bai Suzhen
 55501 | Depths:2 | Reached XP level 27. HP: 160/224 MP: 25/25
 55690 | Depths:2 | Found a one-way gate leading to the halls of Pandemonium.
 55727 | Depths:2 | Found an iron altar of Okawaru.
 55841 | Depths:2 | Found a runed translucent door.
 55847 | Depths:2 | Noticed celly00's ghost (adept DEVM)
 55870 | Depths:2 | Killed celly00's ghost
 55883 | Depths:2 | Identified the Guide on Snow and Attacks
 56201 | Depths:2 | Reached skill level 5 in Spellcasting
 57253 | Depths:3 | Found Taoza's Armour Shoppe.
 57610 | Depths:3 | Found a portal to a secret trove of treasure.
 57732 | Depths:3 | Found a one-way gate to the infinite horrors of the Abyss.
 58565 | Depths:4 | Found a broken altar of Ashenzari.
 59257 | Depths:5 | Entered Level 5 of the Depths
 59269 | Depths:5 | Noticed Margery
 59286 | Depths:5 | Killed Margery
 59662 | Depths:5 | Found a gateway to a ziggurat.
 59672 | Depths:5 | Found a gate to the Realm of Zot.
 59772 | Depths:5 | Found Qataaz's Book Shoppe.
 59976 | Depths:5 | Noticed Louise
 59979 | Depths:5 | Killed Louise
 60192 | Depths:5 | Bought a scroll of enchant armour for 180 gold pieces
 60192 | Depths:5 | Bought a scroll of holy word for 180 gold pieces
 60192 | Depths:5 | Bought a scroll of enchant weapon for 180 gold pieces
 60192 | Depths:5 | Bought a scroll of summoning for 228 gold pieces
 60652 | Swamp:2  | Bought a scroll of enchant weapon for 217 gold pieces
 61090 | Orc:2    | Bought a scroll of fog for 36 gold pieces
 61090 | Orc:2    | Bought a scroll of fog for 36 gold pieces
 61136 | Orc:2    | Bought a potion of resistance for 120 gold pieces
 61136 | Orc:2    | Bought 2 potions of might for 96 gold pieces
 61136 | Orc:2    | Bought a potion of resistance for 120 gold pieces
 61665 | Zot:1    | Entered Level 1 of the Realm of Zot
 63772 | Zot:2    | Reached skill level 10 in Spellcasting
 64955 | Zot:3    | Reached skill level 15 in Evocations
 64980 | Zot:3    | Identified the Grimoire of Conjuration
 66214 | Zot:4    | Noticed a Killer Klown
 66221 | Zot:4    | Killed a Killer Klown
 66828 | Zot:5    | Entered Level 5 of the Realm of Zot
 66829 | Zot:5    | Noticed a Killer Klown
 66928 | Zot:5    | Killed a Killer Klown
 68110 | Zot:5    | Noticed an orb of fire
 68322 | Zot:5    | Noticed a Killer Klown
 68332 | Zot:5    | Killed a Killer Klown
 68416 | Zot:5    | Reached skill level 1 in Translocations
 68422 | Zot:5    | Gained mutation: You are somewhat resistant to further
                  | mutation. [an orb of fire]
 68429 | Zot:5    | Killed an orb of fire
 68488 | Zot:5    | Noticed an orb of fire
 68498 | Zot:5    | Killed an orb of fire
 68553 | Zot:5    | Noticed a dread lich
 68565 | Zot:5    | Killed a dread lich
 68672 | Zot:5    | Noticed a Killer Klown
 68688 | Zot:5    | Noticed a dread lich
 68862 | Zot:5    | Noticed an orb of fire
 68895 | Zot:5    | Killed an orb of fire
 69011 | Zot:5    | Noticed an ancient lich
 69014 | Zot:5    | Killed an ancient lich
 69039 | Zot:5    | Noticed an ancient lich
 69327 | Zot:5    | Noticed an ancient lich
 69361 | Zot:5    | Noticed a Killer Klown
 69378 | Zot:5    | Killed a Killer Klown
 69387 | Zot:5    | Killed an ancient lich
 69394 | Zot:5    | Reached skill level 5 in Translocations
 69466 | Zot:5    | Killed a dread lich
 69498 | Zot:5    | Killed an ancient lich
 69703 | Zot:5    | Acquired 1001 gold pieces
 69951 | Zig:1    | Entered Level 1 of a ziggurat
 69970 | Zig:2    | Entered Level 2 of a ziggurat
 69973 | Zig:2    | Reached skill level 1 in Dodging
 70007 | Zig:2    | Identified the +10 short sword "Jeitarch" {speed, rC+
                  | Will++}
 70047 | Zig:3    | Entered Level 3 of a ziggurat
 70078 | Zig:3    | Identified the +7 chain mail of Ceocyg {Rampage rElec
                  | Regen+ rCorr}
 70093 | Zig:3    | Reached skill level 5 in Dodging
 70097 | Zig:4    | Entered Level 4 of a ziggurat
 70127 | Zig:4    | Identified the +2 scale mail "Xitheatt" {rF+ rCorr Str+3
                  | Dex-2}
 70138 | Zig:5    | Entered Level 5 of a ziggurat
 70212 | Zig:6    | Entered Level 6 of a ziggurat
 70270 | Zig:6    | Identified the +3 great sword "Toidwome" {vamp, rF- rC+++}
 70271 | Zig:6    | Identified the ring "Kysa" {rN+ Str+2 Int+2 Dex-5}
 70281 | Zig:6    | Identified the +1 scale mail "Esud" {rPois rCorr Int+3}
 70285 | Zig:7    | Entered Level 7 of a ziggurat
 70380 | Zig:7    | Identified the +6 mace "Gihuat" {freeze, *Rage Will+ Int+5}
 70413 | Zig:8    | Entered Level 8 of a ziggurat
 70446 | Zig:8    | Reached skill level 10 in Dodging
 70519 | Zig:8    | Identified the +5 shortbow "Beetlebane" {flame, rElec rN+
                  | Dex+4}
 70560 | Zig:9    | Entered Level 9 of a ziggurat
 70801 | Zig:9    | Found the +10 morningstar "Eos" {elec, Halo rElec}
 70872 | Zig:9    | Identified the +7 short sword of Due Proportion {venom,
                  | rPois rC- Int+5 SInv}
 70883 | Zig:10   | Entered Level 10 of a ziggurat
 70892 | Zig:10   | Found the +7 Singing Sword {vorpal, sonic wave}
 70898 | Zig:10   | Noticed Saddil the pandemonium lord
 70910 | Zig:10   | Killed Saddil the pandemonium lord
 71188 | Zig:10   | Identified the ring "Zuofy" {Int+6 Dex+4}
 71194 | Zig:10   | Identified the amulet "Ulewaxt" {Spirit Stlth+}
 71204 | Zig:10   | Identified the +2 rapier "Abuumoil" {vorpal, Int+4}
 71252 | Zig:11   | Entered Level 11 of a ziggurat
 71264 | Zig:11   | Reached skill level 1 in Long Blades
 71323 | Zig:11   | Found the -2 hat of the Alchemist {rElec rPois rF+ rC+ rN+
                  | Will+ rMut rCorr}
 71395 | Zig:12   | Entered Level 12 of a ziggurat
 71535 | Zig:12   | Identified the ring of the Invisible Hand {rF+ Str+6}
 71537 | Zig:12   | Identified the +3 leather armour of Jiqaj {+Inv Int+4}
 71594 | Zig:13   | Entered Level 13 of a ziggurat
 71604 | Zig:13   | Reached skill level 5 in Long Blades
 71954 | Zig:13   | Identified the +3 ring mail "Iryank" {rPois Will+ Str-2}
 71964 | Zig:14   | Entered Level 14 of a ziggurat
 72098 | Zig:14   | Noticed a royal mummy
 72105 | Zig:14   | Noticed a royal mummy
 72106 | Zig:14   | Killed a royal mummy
 72115 | Zig:14   | Killed a royal mummy
 72428 | Zig:14   | Identified the +9 short sword "Synk" {drain, +Rage Fly rC-
                  | SInv}
 72429 | Zig:14   | Identified the +7 double sword of Xupholar {vorpal, rPois
                  | rCorr}
 72433 | Zig:14   | Identified the +2 hand axe of Areedd {freeze, rF++ rC-
                  | Will+ Int+2}
 72458 | Depths:5 | Bought a potion of heal wounds for 140 gold pieces
 72458 | Depths:5 | Bought a scroll of enchant weapon for 210 gold pieces
 72473 | Hell     | Entered the Vestibule of Hell
 72473 | Hell     | Noticed Geryon
 73147 | Temple   | Entered the Ecumenical Temple
 73248 | Temple   | Fell from the grace of Gozag
 73248 | Temple   | Became a worshipper of the Shining One
 73757 | Hell     | Reached * piety under the Shining One
 73776 | Hell     | Reached skill level 15 in Dodging
 73779 | Hell     | Reached ** piety under the Shining One
 73902 | Hell     | Reached *** piety under the Shining One
 73906 | Hell     | Reached skill level 10 in Long Blades
 73969 | Hell     | Reached **** piety under the Shining One
 74041 | Hell     | Reached ***** piety under the Shining One
 74198 | Hell     | Killed Geryon
 74433 | Hell     | Found a gateway to the freezing wastes of Cocytus.
 74509 | Hell     | Found a gateway to the decaying netherworld of Tartarus.
 74564 | Hell     | Found a gateway to the ashen valley of Gehenna.
 74660 | Hell     | Found a gateway to the Iron City of Dis.
 74779 | Dis:1    | Entered Level 1 of the Iron City of Dis
 74830 | Dis:1    | Reached ****** piety under the Shining One
 74912 | Dis:1    | Identified a +9 bardiche of holy wrath (a +9 bardiche of
                  | freezing blessed by the Shining One)
 74912 | Dis:1    | Received a gift from the Shining One
 75062 | Dis:3    | You fall into a shaft and drop 3 floors!
 75161 | Dis:6    | You fall into a shaft and drop 1 floor!
 75161 | Dis:7    | Entered Level 7 of the Iron City of Dis
 75356 | Dis:7    | Reached skill level 1 in Invocations
 75900 | Dis:7    | Reached skill level 5 in Invocations
 76602 | Dis:7    | Identified the +6 falchion of Yxumpapp {drain, *Slow rElec
                  | rF+++ SInv}
 76602 | Dis:7    | Identified the amulet of Nusm {Faith Fly rC+}
 76659 | Dis:7    | Reached skill level 10 in Invocations
 76666 | Dis:7    | Killed from afar by a Hell Sentinel

Illustrated notes

Levels and vault maps discovered:
D:1:      lightli_arrival_lavapool, layout_basic, serial_shops,
          nicolae_shop_window_shopping, ebering_ecumenical_altar_rust
D:2:      layout_basic
D:3:      layout_basic, grunt_temple_overflow_open
D:4:      layout_gridville
D:5:      layout_layer_cave
D:6:      layout_gridville
D:7:      layout_loops_ring, minmay_temple_entry_fiery
D:8:      layout_loops_ring, nicolae_hepliaklqana_hazy_memory, lair_entry_dummy,
          nicolae_underground_beach
D:9:      layout_layer_cave
D:10:     layout_basic, minmay_orc_entry_guard_dogs, serial_shops,
          kennysheep_mini, shop_statue, shop, shop
D:11:     layout_basic, enter_bailey_5, uniq_fannar, uniq_grum
D:12:     wander_river, layout_basic, portal_ice_cave_entry_ice_beasts,
          special_room [special_room_orc], corexii_corridor_pit,
          hangedman_cracks_in_the_wall
D:13:     layout_gridville
D:14:     layout_long_grid, hangedman_vaults_entry_quadrant_bands,
          gauntlet_entry_generic, uniq_jorgrun, uniq_snorg
D:15:     grunt_enter_depths_hoard, layout_loops_corners, elyvilon_altar_1,
          minmay_misc_feat_rows, grunt_ministairs_3, dk_noncrumbling_3,
          uniq_nessos, uniq_josephine, uniq_rupert
Temple:   lightli_temple_of_artemis
Lair:1:   layout_cave_pods, minivault_26
Lair:2:   layout_big_grid, minmay_snake_entry_six_corridors,
          maelrawn_ghost_gauntlet_escape
Lair:3:   layout_cave_pods, swamp_mist, grunt_megastairs_3
Lair:4:   layout_misc_corridors, disabler_island
Lair:5:   layout_gridlike
Lair:6:   minmay_lair_end_enchanted_forest, layout_gridlike, slime_altar_1,
          lemuel_old_faithful
Swamp:1:  layout_falls_marsh, gammafunk_ghost_wrathful_warriors,
          serial_swamp_ruin, evilmike_swamp_ruin_rubble_2,
          evilmike_swamp_ruin_house_3, swamp_pool4
Swamp:2:  layout_basic_swamp, evilmike_swamp_ruin_house_1, swamp_pool5
Swamp:3:  layout_basic_swamp, evilmike_swamp_ruin_house_2, swamp_pool3,
          grunt_witch_cave, infiniplex_staircase_pool
Swamp:4:  swamp, layout_basic_swamp, swamp_pool1, nicolae_swamp_fairy_circle,
          nicolae_swamp_treefoil
Snake:1:  layout_misc_corridors, nicolae_snake_round_shape_thing,
          nicolae_snake_gridmaze_big_u, minmay_shoptagon
Snake:2:  layout_gridlike, minmay_shop_grid_forest, grunt_megastairs_1,
          uniq_saint_roka, uniq_aizul
Snake:3:  layout_layer_cave, evilmike_ambush [evilmike_ambush_outer_basic,
          evilmike_ambush_inner_basic]
Snake:4:  grunt_snake_rune_spirals, layout_onion, serial_shops, shop, shop,
          shop, shop
Orc:1:    gammafunk_beogh_shrine, layout_caves
Orc:2:    st_orc_rangers, layout_caves, serial_shops, shop, uniq_sonja
Elf:1:    elf_arrival_001, layout_geoelf_grid, serial_shops,
          nicolae_shop_overgrown_old_shop, hangedman_elf_represent, drop_trap,
          lemuel_statue_altar, corner_web_ring
Elf:2:    layout_onion_city, serial_hangedman_research,
          hangedman_research_thanatology, hangedman_research_toxicology,
          hangedman_research_probablistics, hangedman_research_thermodynamics,
          hangedman_research_electronics, serial_shops, statue_bzr, st_stairs_11
Elf:3:    nooodl_elf_gasket, layout_geoelf_castle, serial_glass,
          glass_columns_a, glass_columns_b, serial_shops, nicolae_shop_trees,
          drop_trap, minivault_25_ag
Vaults:1: nicolae_vaults_network_periphery, nicolae_vaults_sealed_display,
          nicolae_vaults_little_squares_3, hangedman_vaults_stretched_pinwheel,
          v_rooms_5, vaults_mumra_chevron, nicolae_vaults_c_with_doors,
          vaults_room_pools, ontoclasm_vaults_decontamination,
          nicolae_vaults_mini_display_case, nicolae_vaults_gold_heap,
          grunt_vaults_focal, layout_vaults_big_room, serial_shops,
          nicolae_shop_stone
Vaults:2: v_pattern_2, nicolae_vaults_network_s,
          vaults_mumra_minichess_inversion, nicolae_vaults_little_squares_4,
          nicolae_vaults_border_crossing, v_misc_25, hangedman_vaults_capsules,
          vaults_room_grunt_arrival_ludios, vaults_room_door_ring,
          layout_vaults_omnigrid
Vaults:3: nicolae_vaults_ring_of_whatevers, minmay_crypt_entry_simple_plaza,
          vaults_dpeg_ring, grunt_vaults_twisty, v_alt_pattern_3, st_cells,
          v_misc_14, v_misc_24, vaults_room_pool, v_misc_27,
          layout_vaults_big_cross, uniq_boris, uniq_sojobo
Vaults:4: nicolae_vaults_what_the_h, dpeg_vaults_monster_row,
          nicolae_vaults_circle_grid_a, grunt_vaults_trifunnel,
          nicolae_vaults_little_squares_3, vaults_room_fancy_cross, v_misc_11,
          ontoclasm_vaults_idyll, layout_vaults_ring, serial_shops,
          nicolae_shop_stone
Vaults:5
Depths:1: layout_basic, roderic_serpentine_path, grunt_hell_entry_dis_old,
          fedhas_altar_fruit_tree, minmay_shop_grove, uniq_enchantress
Depths:2: minmay_concentric_multi, layout_basic, ebering_ghost_reflecting_pool,
          hangedman_decor_growths, grunt_pan_entry_sceptre, hell_entry,
          minivault_16, chequers_serial_rivers_room_b,
          okawaru_altar_gauntlet_db, uniq_bai_suzhen
Depths:3: onia_ninara_swampy_vault, layout_cave_pools, serial_shops,
          kennysheep_mini_moat, hangedman_glass_teeth,
          hangedman_tar_grid_catacomb, rand_demon_pan_entry_1, enter_trove_6,
          abyss_entry_small_statue_room
Depths:4: grunt_bruiser_brothers, layout_gridlike, hell_entry,
          nicolae_ashenzari_skybound, abyss_entry_crystal
Depths:5: grunt_crosshair, layout_cave_pools, enter_ziggurat_f,
          minmay_misc_feat_room, nicolae_abyss_entry_one_way_or_another,
          serial_shops, nicolae_shop_window_shopping, hell_entry,
          minmay_microvault, uniq_margery
Hell
Dis:1:    layout_gridville, nicolae_dis_strange_trophy_room
Dis:2:    layout_chaotic_city
Dis:3:    layout_regular_city
Dis:6:    layout_subdivisions
Dis:7:    dis_grunt_layers
Zot:1:    layout_cathedral_of_symmetry, grunt_megastairs_4
Zot:2:    layout_misc_corridors
Zot:3:    layout_onion_interference, st_small_dragon_hoard_4,
          amethyst_zot_foddershock
Zot:4:    lemuel_firehouse, layout_cathedral_of_symmetry
Zot:5:    layout_cellular_growth, hangedman_zot_decor_slant, st_stairs_5,
          grunt_ministairs_7

Skill      XL: |  1  2  3  4  5  6  7  8  9 10 11 12 13 14 15 16 17 18 19 20 21 22 23 24 25 26 27 |
---------------+----------------------------------------------------------------------------------+-----
Polearms       | 3 4 5 6 7 10 12 14 17 19 21 23 25 26 | 26.3
Fighting       | 4 5 6 12 13 16 18 19 20 25 | 25.0
Throwing       | 1 2 3 4 6 7 9 10 11 12 14 16 19 20 | 20.7
Shields        | 4 5 6 7 11 15 16 18 20 21 | 21.1
Armour         | 4 8 10 11 14 17 18 20 | 20.9
Evocations     | 2 5 7 9 10 15 | 15.0
Spellcasting   | 3 10 | 10.0
Translocations | 6 |  6.3
Dodging        | 16 | 16.6
Long Blades    | 14 | 14.6
Invocations    | 10 | 10.0

Action                   |  1- 3 |  4- 6 |  7- 9 | 10-12 | 13-15 | 16-18 | 19-21 | 22-24 | 25-27 || total
-------------------------+-------+-------+-------+-------+-------+-------+-------+-------+-------++-------
Melee: Trident           |    99 |   161 |   242 |   526 |  1817 |  2223 |  1800 |       |       ||  6868
       Demon trident     |       |       |       |       |       |    13 |       |       |       ||    13
       Bardiche          |       |       |       |       |       |       |   284 |  1305 |  3185 ||  4774
Throw: Dart              |       |     9 |    27 |    18 |    74 |       |       |       |       ||   128
       Boomerang         |       |       |       |       |    82 |    23 |       |    39 |   613 ||   757
       Javelin           |       |       |       |       |       |       |       |    55 |   152 ||   207
       Throwing net      |       |       |       |       |       |       |       |       |     2 ||     2
Invok: Call Merchant     |       |       |       |     1 |     3 |     2 |     1 |     3 |     6 ||    16
       Potion Petition   |       |       |       |       |     1 |       |       |       |       ||     1
       Divine Shield     |       |       |       |       |       |       |       |       |     1 ||     1
       Brand Weapon With |       |       |       |       |       |       |       |       |     1 ||     1
 Abil: Dig               |     2 |     4 |     2 |     2 |    15 |    10 |     3 |     5 |    12 ||    55
       Shaft Self        |       |       |       |       |       |       |       |       |     1 ||     1
Evoke: Wand              |       |       |       |     1 |     7 |       |       |       |       ||     8
       Phantom mirror    |       |       |       |       |       |     1 |       |       |       ||     1
       Condenser vane    |       |       |       |       |       |       |       |     1 |     1 ||     2
  Use: Scroll            |     4 |     6 |     7 |     2 |     8 |    10 |     4 |    13 |    23 ||    77
       Potion            |       |     1 |     2 |       |     1 |     1 |       |     7 |    32 ||    44
 Stab: Sleeping          |       |       |     3 |       |       |       |       |       |       ||     3
       Distracted        |       |       |     1 |     3 |    11 |    10 |    16 |     9 |    16 ||    66
       Petrified         |       |       |       |       |       |       |     4 |       |     2 ||     6
       Petrifying        |       |       |       |       |       |       |     1 |       |       ||     1
Armor: Scale mail        |    36 |    38 |       |       |       |       |       |       |       ||    74
       Leather armour    |       |    13 |    33 |       |       |       |       |       |       ||    46
       Plate armour      |       |       |    11 |   118 |   276 |       |       |       |       ||   405
       Crystal plate arm |       |       |       |       |   173 |  1000 |   549 |   258 |  1555 ||  3535
Dodge: Dodged            |    31 |    43 |    70 |    55 |   182 |   267 |   203 |    94 |   546 ||  1491
Block: Kite shield       |    25 |    77 |   113 |   210 |   101 |       |       |       |  1963 ||  2489
       Tower shield      |       |       |       |       |  1097 |  1717 |  1208 |   928 |    39 ||  4989
       Rpst.: Trident    |       |       |       |       |       |     6 |    27 |       |       ||    33
       Bardiche          |       |       |       |       |       |       |     5 |     7 |       ||    12

Table legend: (Time is in decaauts)
 A = Elapsed time spent in this place.
 B = Non-inter-level travel time spent in this place.
 C = Inter-level travel time spent in this place.
 D = Time resting spent in this place.
 E = Time spent auto-exploring this place.
 F = Levels seen in this place.
 G = Mean time per level.
                   A        B        C        D        E       F      G
               +--------+--------+--------+--------+--------+-----+--------+
         Total |  73129 |  65090 |   8039 |   8070 |  39471 |  74 |  988.2 |
       Dungeon |  16116 |  13282 |   2834 |    369 |  10029 |  15 | 1074.4 |
        Temple |    118 |    101 |     17 |      0 |     96 |   1 |  118.0 |
          Lair |   6717 |   5791 |    926 |    539 |   3958 |   6 | 1119.5 |
         Swamp |   4507 |   3853 |    654 |    163 |   2534 |   4 | 1126.8 |
     Snake Pit |   5851 |   5192 |    659 |    294 |   2909 |   4 | 1462.8 |
  Orcish Mines |   2047 |   1698 |    349 |    208 |    893 |   2 | 1023.5 |
   Elven Halls |   5265 |   4957 |    308 |    914 |   2488 |   3 | 1755.0 |
        Vaults |  10732 |   9646 |   1086 |   1983 |   5475 |   5 | 2146.4 |
        Depths |   7232 |   6445 |    787 |    705 |   4369 |   5 | 1446.4 |
          Hell |    937 |    918 |     19 |     58 |    478 |   1 |  937.0 |
           Dis |   1741 |   1741 |      0 |    344 |    771 |   5 |  348.2 |
           Zot |   7947 |   7551 |    396 |   2359 |   3560 |   5 | 1589.4 |
      Ziggurat |   2333 |   2333 |      0 |    106 |   1318 |  14 |  166.6 |
        Bazaar |    177 |    177 |      0 |      0 |    111 |   1 |  177.0 |
        Bailey |    647 |    647 |      0 |      0 |    304 |   1 |  647.0 |
      Ice Cave |    359 |    359 |      0 |      0 |    164 |   1 |  359.0 |
      Gauntlet |    395 |    395 |      0 |     28 |     12 |   1 |  395.0 |
               +--------+--------+--------+--------+--------+-----+--------+

Top non-repeatable levels by time:
Vaults:4: 2924 daAuts
   Elf:3: 2688 daAuts
   Zot:5: 2681 daAuts
 Snake:4: 2426 daAuts
Vaults:1: 2396 daAuts
Vaults:5: 2031 daAuts
    D:15: 2007 daAuts
Vaults:2: 1901 daAuts
Depths:1: 1812 daAuts
   Elf:2: 1649 daAuts
     D:5: 1588 daAuts
   Zot:3: 1561 daAuts
   Zot:1: 1531 daAuts
   Zot:4: 1480 daAuts
Vaults:3: 1479 daAuts
